| TOP OF THE 1ST |
|
Rome Braves batting - Pitching for Milwaukee (NYP) Brewers : LHP Juan Gonzalez
|
|
Pitching: LHP Juan Gonzalez
|
|
|
Batting: LHB J.P. Olson
|
0-0: Called Strike 0-1: Ball 1-1: Foul Ball, location: 2F 1-2: Ball 2-2: Foul Ball, location: 2F 2-2: Strikes out swinging
|
|
Batting: RHB Brandon Burrell
|
0-0: Fly out, F8 (Flyball, 89M, EV 88.1 MPH)
|
|
Batting: LHB Robby Dann
|
0-0: Foul Ball, location: 2F 0-1: Foul Ball, location: 2F 0-2: Ball 1-2: Ball 2-2: SINGLE (Flyball, 7S, EV 91.2 MPH)
|
|
Batting: RHB Ike Trout
|
0-0: Called Strike 0-1: Ball Robby Dann steals 2nd base 1-1: Called Strike 1-2: Ball 2-2: Ball 3-2: Base on Balls
|
|
Batting: LHB Mike Tenorio
|
0-0: Ball 1-0: Called Strike 1-1: Called Strike 1-2: Strikes out swinging
|
| Top of the 1st over - 0 runs, 1 hit, 0 errors, 2 left on base; Rome 0 - Milwaukee (NYP) 0 |
| BOTTOM OF THE 1ST |
|
Milwaukee (NYP) Brewers batting - Pitching for Rome Braves : RHP Sean Geer
|
|
Pitching: RHP Sean Geer
|
|
|
Batting: RHB Brian Landrum
|
0-0: Foul Ball, location: 2F 0-1: Called Strike 0-2: Ball 1-2: Strikes out swinging
|
|
Batting: SHB Robert Sayer
|
0-0: Called Strike 0-1: Ground out 4-3 (Groundball, 4, EV 88.8 MPH)
|
|
Batting: LHB Gabe Harvey
|
0-0: Ball 1-0: Foul Ball, location: 2F 1-1: Called Strike 1-2: Ground out 6-3 (Groundball, 56, EV 85.0 MPH)
|
| Bottom of the 1st over - 0 runs, 0 hits, 0 errors, 0 left on base; Rome 0 - Milwaukee (NYP) 0 |
| TOP OF THE 2ND |
|
Rome Braves batting - Pitching for Milwaukee (NYP) Brewers : LHP Juan Gonzalez
|
|
Batting: RHB Badr al Din Ridha
|
0-0: Ball 1-0: Ball 2-0: Ball 3-0: Called Strike 3-1: Foul Ball, location: 2F 3-2: Ground out 4-3 (Groundball, 4, EV 78.8 MPH)
|
|
Batting: RHB Alex Velasquez
|
0-0: Ball 1-0: Ball 2-0: Foul Ball, location: 2F 2-1: Foul Ball, location: 2F 2-2: Ball 3-2: Ground out 6-3 (Groundball, 6, EV 103.1 MPH)
|
|
Batting: LHB Joe Phillips
|
0-0: Ball 1-0: Called Strike 1-1: Ball 2-1: Foul Ball, location: 2F 2-2: Foul Ball, location: 2F 2-2: Strikes out swinging
|
| Top of the 2nd over - 0 runs, 0 hits, 0 errors, 0 left on base; Rome 0 - Milwaukee (NYP) 0 |
| BOTTOM OF THE 2ND |
|
Milwaukee (NYP) Brewers batting - Pitching for Rome Braves : RHP Sean Geer
|
|
Batting: RHB Skyler Goss
|
0-0: Called Strike 0-1: Called Strike 0-2: Ball 1-2: Foul Ball, location: 2F 1-2: Ball 2-2: Ball 3-2: Foul Ball, location: 2F 3-2: Foul Ball, location: 2F 3-2: Base on Balls
|
|
Batting: RHB Vinny Estrada
|
0-0: Ball 1-0: Ball 2-0: Ball 3-0: Base on Balls Skyler Goss to second
|
|
Batting: SHB Adam Slade
|
0-0: Ball 1-0: Grounds into double play, 3-6-1 (Groundball, 3, EV 83.8 MPH) Skyler Goss to third
|
|
Batting: RHB Brad Wren
|
0-0: Ball 1-0: Called Strike 1-1: Ground out 5-3 (Groundball, 5S, EV 84.4 MPH)
|
| Bottom of the 2nd over - 0 runs, 0 hits, 0 errors, 1 left on base; Rome 0 - Milwaukee (NYP) 0 |
| TOP OF THE 3RD |
|
Rome Braves batting - Pitching for Milwaukee (NYP) Brewers : LHP Juan Gonzalez
|
|
Batting: RHB Peter Wheeler
|
0-0: Ball 1-0: Fly out, F9 (Flyball, 9, EV 95.6 MPH)
|
|
Batting: LHB J.P. Olson
|
0-0: Ball 1-0: Ball 2-0: Foul Ball, location: 2F 2-1: Called Strike 2-2: Ground out U3 (Groundball, 34S, EV 86.2 MPH)
|
|
Batting: RHB Brandon Burrell
|
0-0: Fly out, F5 (Line Drive, 5, EV 73.1 MPH)
|
| Top of the 3rd over - 0 runs, 0 hits, 0 errors, 0 left on base; Rome 0 - Milwaukee (NYP) 0 |
| BOTTOM OF THE 3RD |
|
Milwaukee (NYP) Brewers batting - Pitching for Rome Braves : RHP Sean Geer
|
|
Batting: RHB Dustin Hartman
|
0-0: Called Strike 0-1: Ground out 3-1 (Groundball, 34, EV 81.2 MPH)
|
|
Batting: RHB Matt Granger
|
0-0: Swinging Strike 0-1: Ball 1-1: Ball 2-1: Ground out 6-3 (Groundball, 6, EV 103.8 MPH)
|
|
Batting: RHB Brian Landrum
|
0-0: Ball 1-0: Called Strike 1-1: Swinging Strike 1-2: Strikes out looking
|
| Bottom of the 3rd over - 0 runs, 0 hits, 0 errors, 0 left on base; Rome 0 - Milwaukee (NYP) 0 |
| TOP OF THE 4TH |
|
Rome Braves batting - Pitching for Milwaukee (NYP) Brewers : LHP Juan Gonzalez
|
|
Batting: LHB Robby Dann
|
0-0: Called Strike 0-1: Swinging Strike 0-2: Ball 1-2: Ball 2-2: Ball 3-2: Ground out U3 (Groundball, 34S, EV 78.8 MPH)
|
|
Batting: RHB Ike Trout
|
0-0: Called Strike 0-1: Swinging Strike 0-2: Strikes out looking
|
|
Batting: LHB Mike Tenorio
|
0-0: Ball 1-0: Ball 2-0: Foul Ball, location: 2F 2-1: Ball 3-1: Foul Ball, location: 2F 3-2: Base on Balls
|
|
Batting: RHB Badr al Din Ridha
|
0-0: Ball 1-0: Ball Wild Pitch! Mike Tenorio to second 2-0: Called Strike 2-1: Called Strike 2-2: DOUBLE (Line Drive, 9LM, EV 95.6 MPH) Mike Tenorio scores
|
|
Batting: RHB Alex Velasquez
|
0-0: Called Strike 0-1: Ball 1-1: Ball 2-1: Foul Ball, location: 2F 2-2: SINGLE (Line Drive, 9S, EV 88.1 MPH) Badr al Din Ridha to third Runner from 3rd tries for Home, SAFE, throw by RF to home
|
|
Batting: LHB Joe Phillips
|
0-0: Called Strike 0-1: Ball 1-1: Ball Alex Velasquez is caught stealing 2nd base 2-6
|
| Top of the 4th over - 2 runs, 2 hits, 0 errors, 0 left on base; Rome 2 - Milwaukee (NYP) 0 |
| BOTTOM OF THE 4TH |
|
Milwaukee (NYP) Brewers batting - Pitching for Rome Braves : RHP Sean Geer
|
|
Batting: SHB Robert Sayer
|
0-0: Fly out, F6 (Line Drive, 6, EV 70.6 MPH)
|
|
Batting: LHB Gabe Harvey
|
0-0: Called Strike 0-1: Swinging Strike 0-2: Ball 1-2: Strikes out looking
|
|
Batting: RHB Skyler Goss
|
0-0: Ground out 2-3 (Groundball, 2L, EV 68.1 MPH)
|
| Bottom of the 4th over - 0 runs, 0 hits, 0 errors, 0 left on base; Rome 2 - Milwaukee (NYP) 0 |
| TOP OF THE 5TH |
|
Rome Braves batting - Pitching for Milwaukee (NYP) Brewers : LHP Juan Gonzalez
|
|
Pitching: RHP Addick Huiberts
|
|
|
Batting: LHB Joe Phillips
|
0-0: Foul Ball, location: 2F 0-1: Ground out 1-3 (Groundball, 13S, EV 70.0 MPH)
|
|
Batting: RHB Peter Wheeler
|
0-0: Called Strike 0-1: Ball 1-1: Ball 2-1: Ground out 6-3 (Groundball, 6, EV 88.1 MPH)
|
|
Batting: LHB J.P. Olson
|
0-0: Ball 1-0: Ball 2-0: Called Strike 2-1: Ball 3-1: Base on Balls
|
|
Batting: RHB Brandon Burrell
|
0-0: Called Strike J.P. Olson steals 2nd, throwing error, E2 J.P. Olson to third 0-1: Ball 1-1: Ground out 6-3 (Groundball, 6, EV 103.8 MPH)
|
| Top of the 5th over - 0 runs, 0 hits, 1 error, 1 left on base; Rome 2 - Milwaukee (NYP) 0 |
| BOTTOM OF THE 5TH |
|
Milwaukee (NYP) Brewers batting - Pitching for Rome Braves : RHP Sean Geer
|
|
Batting: RHB Vinny Estrada
|
0-0: Ball 1-0: Called Strike 1-1: Ball 2-1: Foul Ball, location: 2F 2-2: Ball 3-2: Strikes out swinging
|
|
Batting: SHB Adam Slade
|
0-0: Ball 1-0: Ball 2-0: Ground out 6-3 (Groundball, 6M, EV 103.8 MPH)
|
|
Batting: RHB Brad Wren
|
0-0: Ball 1-0: Swinging Strike 1-1: Swinging Strike 1-2: Foul Ball, location: 2F 1-2: Ball 2-2: Foul Ball, location: 2F 2-2: Strikes out swinging
|
| Bottom of the 5th over - 0 runs, 0 hits, 0 errors, 0 left on base; Rome 2 - Milwaukee (NYP) 0 |
| TOP OF THE 6TH |
|
Rome Braves batting - Pitching for Milwaukee (NYP) Brewers : RHP Addick Huiberts
|
|
Batting: LHB Robby Dann
|
0-0: Ball 1-0: Called Strike 1-1: Ball 2-1: Swinging Strike 2-2: Foul Ball, location: 2F 2-2: Foul Ball, location: 2F 2-2: Foul Ball, location: 2F 2-2: Foul Ball, location: 2F 2-2: Ground out 5-3 (Groundball, 56, EV 90.6 MPH)
|
|
Batting: RHB Ike Trout
|
0-0: Ground out 5-3 (Groundball, 5, EV 86.2 MPH)
|
|
Batting: LHB Mike Tenorio
|
0-0: Called Strike 0-1: Ball 1-1: Ground out 4-3 (Groundball, 4D, EV 98.8 MPH)
|
| Top of the 6th over - 0 runs, 0 hits, 0 errors, 0 left on base; Rome 2 - Milwaukee (NYP) 0 |
| BOTTOM OF THE 6TH |
|
Milwaukee (NYP) Brewers batting - Pitching for Rome Braves : RHP Sean Geer
|
|
Batting: RHB Dustin Hartman
|
0-0: Ball 1-0: Called Strike 1-1: Ball 2-1: Called Strike 2-2: Strikes out swinging
|
|
Batting: RHB Matt Granger
|
0-0: Swinging Strike 0-1: Ball 1-1: Foul Ball, location: 2F 1-2: Ball 2-2: Ground out U3 (Groundball, 34S, EV 88.1 MPH)
|
|
Batting: RHB Brian Landrum
|
0-0: Ball 1-0: Called Strike 1-1: Foul Ball, location: 2F 1-2: Ball 2-2: Ball 3-2: Foul Ball, location: 2F 3-2: Foul Ball, location: 2F 3-2: Base on Balls
|
|
Batting: SHB Robert Sayer
|
0-0: Ball 1-0: Foul Ball, location: 2F 1-1: Foul Ball, location: 2F 1-2: Foul Ball, location: 2F 1-2: Strikes out swinging
|
| Bottom of the 6th over - 0 runs, 0 hits, 0 errors, 1 left on base; Rome 2 - Milwaukee (NYP) 0 |
| TOP OF THE 7TH |
|
Rome Braves batting - Pitching for Milwaukee (NYP) Brewers : RHP Addick Huiberts
|
|
Pitching: RHP Brian Heimerman
|
|
|
Batting: RHB Badr al Din Ridha
|
0-0: Called Strike 0-1: Swinging Strike 0-2: Ball 1-2: Ball 2-2: Strikes out looking
|
|
Batting: RHB Alex Velasquez
|
0-0: Foul Ball, location: 2F 0-1: Called Strike 0-2: Ball 1-2: Fly out, F9 (Flyball, 89D, EV 105.6 MPH)
|
|
Batting: LHB Joe Phillips
|
0-0: Ball 1-0: Called Strike 1-1: Ball 2-1: Swinging Strike 2-2: Strikes out swinging
|
| Top of the 7th over - 0 runs, 0 hits, 0 errors, 0 left on base; Rome 2 - Milwaukee (NYP) 0 |
| BOTTOM OF THE 7TH |
|
Milwaukee (NYP) Brewers batting - Pitching for Rome Braves : RHP Sean Geer
|
|
Batting: LHB Gabe Harvey
|
0-0: Called Strike 0-1: Called Strike 0-2: Foul Ball, location: 2F 0-2: Foul Ball, location: 2F 0-2: Ball 1-2: DOUBLE (Line Drive, 9LS, EV 98.8 MPH)
|
|
Pinch Hitting: LHB Enrique Andrade
|
0-0: Swinging Strike 0-1: Ball 1-1: Ground out 6-3 (Groundball, 56, EV 93.1 MPH)
|
|
Batting: RHB Vinny Estrada
|
0-0: SINGLE (Line Drive, 4D, EV 110.0 MPH) Gabe Harvey to third
|
|
Batting: SHB Adam Slade
|
0-0: Called Strike 0-1: Called Strike 0-2: Strikes out swinging
|
|
Batting: LHB Aaron Mobley
|
0-0: Called Strike 0-1: Ball 1-1: Ball 2-1: Ball 3-1: Ground out U3 (Groundball, 3, EV 79.4 MPH)
|
| Bottom of the 7th over - 0 runs, 2 hits, 0 errors, 2 left on base; Rome 2 - Milwaukee (NYP) 0 |
| TOP OF THE 8TH |
|
Rome Braves batting - Pitching for Milwaukee (NYP) Brewers : RHP Brian Heimerman
|
|
Pitching: RHP Alejandro Souto
|
|
|
Now in LF: Enrique Andrade
|
|
|
Batting: RHB Peter Wheeler
|
0-0: Called Strike 0-1: Foul Ball, location: 2F 0-2: Ball 1-2: Strikes out swinging
|
|
Batting: LHB J.P. Olson
|
0-0: Ball 1-0: Fly out, F6 (Popup, P, EV 86.2 MPH)
|
|
Batting: RHB Brandon Burrell
|
0-0: Ball 1-0: Ball 2-0: Called Strike 2-1: Foul Ball, location: 2F 2-2: SOLO HOME RUN (Flyball, 9LD, EV 91.9 MPH), Distance : 339 ft
|
|
Batting: LHB Robby Dann
|
0-0: Ball 1-0: Swinging Strike 1-1: Ground out 5-3 (Groundball, 6, EV 85.6 MPH)
|
| Top of the 8th over - 1 run, 1 hit, 0 errors, 0 left on base; Rome 3 - Milwaukee (NYP) 0 |
| BOTTOM OF THE 8TH |
|
Milwaukee (NYP) Brewers batting - Pitching for Rome Braves : RHP Sean Geer
|
|
Now at C: Brian Huebner
|
|
|
Now at 2B: Tommy Williams
|
|
|
Now at 3B: Peter Wheeler
|
|
|
Now in CF: Tim Rodgers
|
|
|
Now in RF: Robby Dann
|
|
|
Batting: RHB Dustin Hartman
|
0-0: Ball 1-0: Ball 2-0: Foul Ball, location: 2F 2-1: Ground out 4-3 (Groundball, 4M, EV 88.1 MPH)
|
|
Pitching: RHP Omar Orosco
|
|
|
Pinch Hitting: LHB Tony Morales
|
0-0: Ball 1-0: Foul Ball, location: 2F 1-1: Called Strike 1-2: Ball 2-2: Fly out, F6 (Popup, 6M, EV 70.6 MPH)
|
|
Batting: RHB Brian Landrum
|
0-0: Ball 1-0: SINGLE (Line Drive, 4D, EV 94.4 MPH)
|
|
Batting: SHB Robert Sayer
|
0-0: Ground out 4-3 (Groundball, 4, EV 85.6 MPH)
|
| Bottom of the 8th over - 0 runs, 1 hit, 0 errors, 1 left on base; Rome 3 - Milwaukee (NYP) 0 |
| TOP OF THE 9TH |
|
Rome Braves batting - Pitching for Milwaukee (NYP) Brewers : RHP Alejandro Souto
|
|
Now in CF: Tony Morales
|
|
|
Batting: RHB Ike Trout
|
0-0: Ball 1-0: Foul Ball, location: 2F 1-1: Foul Ball, location: 2F 1-2: Strikes out swinging
|
|
Batting: LHB Mike Tenorio
|
0-0: Swinging Strike 0-1: Called Strike 0-2: Foul Ball, location: 2F 0-2: Ball 1-2: Ground out 3-1 (Groundball, 34S, EV 87.5 MPH)
|
|
Batting: RHB Badr al Din Ridha
|
0-0: Foul Ball, location: 2F 0-1: SINGLE (Groundball, 4S, EV 68.1 MPH) (infield hit)
|
|
Batting: RHB Alex Velasquez
|
0-0: Called Strike Badr al Din Ridha steals 2nd base (no throw) 0-1: Ball 1-1: Ground out 6-3 (Groundball, 6, EV 83.1 MPH)
|
| Top of the 9th over - 0 runs, 1 hit, 0 errors, 1 left on base; Rome 3 - Milwaukee (NYP) 0 |
| BOTTOM OF THE 9TH |
|
Milwaukee (NYP) Brewers batting - Pitching for Rome Braves : RHP Omar Orosco
|
|
Batting: LHB Gabe Harvey
|
0-0: Ball 1-0: Swinging Strike 1-1: Ball 2-1: Foul Ball, location: 2F 2-2: Ball 3-2: Strikes out swinging
|
|
Batting: LHB Enrique Andrade
|
0-0: Ball 1-0: Swinging Strike 1-1: Foul Ball, location: 2F 1-2: Ball 2-2: Ball 3-2: SINGLE (Groundball, 56S, EV 71.2 MPH) (infield hit)
|
|
Pinch Hitting: SHB Bradley Barrowcliff
|
0-0: Fielders Choice at 2nd, 3-6 (Groundball, 3, EV 107.5 MPH)
|
|
Batting: SHB Adam Slade
|
0-0: Ball 1-0: Foul Ball, location: 2F 1-1: Ball 2-1: Ball 3-1: Foul Ball, location: 2F 3-2: Ground out 5-3 (Groundball, 15, EV 80.0 MPH)
|
| Bottom of the 9th over - 0 runs, 1 hit, 0 errors, 1 left on base; Rome 3 - Milwaukee (NYP) 0 |
|